 Dungeon Crawl Stone Soup version 0.28.0 (webtiles) character file.

Game seed: 14713025405756818455

35 snetch the Magician (level 3, -12/25 HPs)
             Began as a Djinni Fire Elementalist on Feb 15, 2022.
             Was a Believer of Nemelex Xobeh.
             Killed by nerve-wracking pain
             ... invoked by an orc priest
              (13 damage)
             ... on level 3 of the Dungeon.
             The game lasted 00:03:55 (893 turns).

snetch the Magician (Djinni Fire Elementalist)       Turns: 893, Time: 00:03:56

Health: -12/25     AC:  2    Str:  7    XL:     3   Next: 52%
Gold:   123        EV: 12    Int: 18    God:    Nemelex Xobeh [**....] SH:  0 Dex: 13

rFire   + + .      SeeInvis .   (no weapon)
rCold   x . .      Faith    .   (no shield)
rNeg    . . .      Spirit   .   a - +0 robe
rPois   ∞          Reflect  .   (no helmet)
rElec   .          Harm     .   (no cloak)
rCorr   .          Rampage  .   (no gloves)
Will    .....                   (boots unavailable)
Stlth   ++........              (no amulet)
HPRegen 0.08/turn               (no ring)
MPRegen 0.00/turn               (no ring)

@: flying
A: sickness immunity, fire resistance 2, cold vulnerability 1, float, innate
caster, HP casting, extra vitality 1
a: Renounce Religion, Draw Escape, Draw Destruction, Draw Summoning


You were on level 3 of the Dungeon.
You worshipped Nemelex Xobeh.
Nemelex Xobeh was pleased with you.
You visited 1 branch of the dungeon, and saw 3 of its levels.

You collected 123 gold pieces.

Inventory:

Missiles
 d - 6 javelins
 g - a throwing net
Armour
 a - a +0 robe (worn)
Scrolls
 b - a scroll of immolation {unknown}
 h - a scroll of vulnerability {unknown}
Potions
 c - a potion of heal wounds {unknown}
 e - a potion of flight {unknown}
 f - 2 potions of cancellation {unknown}
 i - a potion of lignification {unknown}


   Skills:
 + Level 2.3 Dodging
 + Level 1.8 Stealth
 + Level 3.2 Spellcasting


You couldn't memorise any spells.
You knew the following spells:

 Your Spells              Type           Power      Damage    Failure   Level
a - Foxfire               Conj/Fire      56%        2x1d6     4%          1
b - Scorch                Fire           28%        2d6       6%          2
c - Conjure Flame         Conj/Fire      14%        6-21      13%         3
d - Inner Flame           Hex/Fire       14%        N/A       13%         3
e - Flame Wave            Conj/Fire      14%        2d6       38%         4
f - Magic Dart            Conj           56%        1d5       4%          1
Your spell library was empty.

Dungeon Overview and Level Annotations

Branches:
Dungeon (3/15)

Altars:
Nemelex Xobeh
Xom

Shops:
D:2 =

Annotations:
D:1 stuff behind glass


Innate Abilities, Weirdness & Mutations

You are immune to sickness and miasma.
You are immune to poison.
Your flesh is very heat resistant. (rF++)
You are vulnerable to cold. (rC-)
You float through the air rather than walking.
You learn spells naturally, not from books.
Your magical power is your life essence.
You have superior vitality. (+4 MHP)


Message History

Found a leather armour.
The orc priest is no longer more vulnerable to fire.
The orc priest miscasts a cantrip.
Casting: Scorch (safe; 6% risk of failure)
Confirm with . or Enter, or press ? or * to list all spells.
You miscast Scorch.
You are very lightly contaminated with residual magic.
Nothing appears to happen.
The ball python bites you. The ball python grabs you.
The ball python constricts you.
The ball python bites you but does no damage.
The ball python constricts you.
Casting: Scorch (safe; 6% risk of failure)
Confirm with . or Enter, or press ? or * to list all spells.
Flames lash the ball python.
You kill the ball python!
You hear a shout!
Casting: Scorch (safe; 6% risk of failure)
Confirm with . or Enter, or press ? or * to list all spells.
Flames lash the frilled lizard.
You kill the frilled lizard!
The orc priest calls down the wrath of Beogh upon you.
Beogh smites you!
Ouch! That really hurt!
* * * LOW HITPOINT WARNING * * *
Casting: Scorch (safe; 6% risk of failure)
Confirm with . or Enter, or press ? or * to list all spells.
You don't have enough health to cast this spell.
Casting: Scorch (safe; 6% risk of failure)
Confirm with . or Enter, or press ? or * to list all spells.
Flames lash the orc.
You kill the orc!
* * * LOW HITPOINT WARNING * * *
A hobgoblin comes into view.
Your magical contamination has completely faded away.
A hobgoblin comes into view.
The orc priest invokes the aid of Beogh against you.
Pain shoots through your body!
Ouch! That really hurt!
You die...
Your body glows slightly and disappears.

..#.# # ..#.# ....
... ... ).#.#.#...
..#.#.# ...
........... ......
..## ....#......
..#.# .....
....###.#.#
...##...## ....# #
....g.... ....#
#.#.[....# ....#
#.#@# ##### #.#.#
#l#o# #.#.# #.#o#
##.#.####.#.####..
......oo..†.g......
.......##.#.#####.#
##.....#......


You could see an orc priest, an orc and 2 hobgoblins.

Vanquished Creatures
  A dart slug (D:1)
  2 orcs (D:3)
  3 ball pythons
  2 bats (D:1)
  2 endoplasms
  2 giant cockroaches
  4 goblins
  3 hobgoblins (D:1)
  2 jackals (D:2)
  A kobold (D:1)
  3 frilled lizards
  A rat (D:1)
26 creatures vanquished.

Vanquished Creatures (others)
  63 foxfires
63 creatures vanquished.

Grand Total: 89 creatures vanquished

Notes
Turn   | Place    | Note
-------+----------+-------------------------------------------
     0 | D:1      | snetch the Djinni Fire Elementalist began the quest for the
                  | Orb.
     0 | D:1      | Reached XP level 1. HP: 15/15 MP: 0/0
   152 | D:1      | Reached XP level 2. HP: 20/21 MP: 0/0
   341 | D:1      | Found a faded altar of an unknown god.
   349 | D:1      | Prayed at the altar of an unknown god.
   349 | D:1      | Became a worshipper of Nemelex Xobeh the Trickster
   349 | D:1      | Reached * piety under Nemelex Xobeh
   359 | D:2      | Received a gift from Nemelex Xobeh
   363 | D:2      | Reached skill level 3 in Spellcasting
   414 | D:2      | Reached XP level 3. HP: 17/25 MP: 0/0
   414 | D:2      | Learned a level 1 spell: Magic Dart
   707 | D:3      | Found a shimmering altar of Xom.
   847 | D:2      | Found Gaumyoh's Jewellery Emporium.
   891 | D:3      | Reached ** piety under Nemelex Xobeh
   893 | D:3      | Killed from afar by an orc priest

Illustrated notes

Levels and vault maps discovered:
D:1:      minmay_arrival_arboretum_small, layout_rooms, serial_glass,
          glass_columns_b, glass_columns_a, feat_on_display, feat_on_display,
          due_unseen_surprise, feat_on_display, basic_ecumenical_altar,
          skrybe_limestone_x
D:2:      layout_rooms, serial_shops, shop
D:3:      layout_basic, nicolae_overflow_ecumenical_swirl, amcnicky_altar_gilded

Skill      XL: |  1  2 |
---------------+-------+-----
Spellcasting   | 3 |  3.2
Dodging        | |  2.3
Stealth        | |  1.8

Action                   || total
-------------------------++-------
Melee: Unarmed           ||     2
 Cast: Foxfire           ||    37
       Scorch            ||     4
 Stab: Sleeping          ||     1
Armor: Robe              ||     8
Dodge: Dodged            ||    10
